[Event "RUS-chT Rapid Men 2018"]
[Site "Sochi"]
[Date "2018.10.08"]
[Round "4"]
[White "Ozgibcev, Anatoly"]
[Black "Shariyazdanov, Andrey"]
[Result "1-0"]
[ECO "B08"]
[WhiteElo "2368"]
[BlackElo "2526"]
[Annotator "ChessBase"]
[PlyCount "63"]
[EventDate "2018.10.05"]
[EventType "swiss"]
[EventCountry "RUS"]
[SourceTitle "playchess.com"]
[Source "ChessBase"]
[SourceQuality "1"]
[TimeControl "900+10"]

1. e4 g6 2. d4 Bg7 3. Nf3 d6 4. Nc3 Nf6 5. h3 O-O 6. Be3 a6 7. a4 Nc6 8. Bc4 e6 9. Bb3 Rb8 10. a5 Ne7 11. O-O d5 12. exd5 exd5 13. Bf4 h6 14. Ne5 Be6 15. Na4 Nf5 16. Nc5 Bc8 17. c3 Ra8 18. Bc2 b6 19. axb6 cxb6 20. Nb3 Nd6 21. Nd2 Bb7 22. Re1 Re8 23. Bd3 a5 24. Qc2 Nfe4 25. f3 Qh4 26. Ng4 h5 27. fxe4 dxe4 28. Bf1 Nf5 29. Nxe4 hxg4 30. g3 Qh5 31. h4 Bxd4+ 32. cxd4 1-0

[Event "RUS-chT Rapid Men 2018"]
[Site "Sochi"]
[Date "2018.10.08"]
[Round "4"]
[White "Papenin, Nikolai"]
[Black "Kryakvin, Dmitry"]
[Result "0-1"]
[ECO "E20"]
[WhiteElo "2334"]
[BlackElo "2595"]
[Annotator "ChessBase"]
[PlyCount "58"]
[EventDate "2018.10.05"]
[EventType "swiss"]
[EventCountry "RUS"]
[SourceTitle "playchess.com"]
[Source "ChessBase"]
[SourceQuality "1"]
[TimeControl "900+10"]

1. d4 Nf6 2. c4 e6 3. Nc3 Bb4 4. g3 O-O 5. Bg2 d6 6. Nf3 Nc6 7. O-O e5 8. Nd5 exd4 9. Bg5 Bc5 10. Qc1 Nb4 11. Nxf6+ gxf6 12. Bh4 Kg7 13. Nd2 Bf5 14. Bxb7 Re8 15. a3 Nc2 16. Ra2 d3 17. e3 a5 18. b3 Rb8 19. Bc6 Re6 20. Kh1 Kg8 21. Qd1 Bg6 22. Qf3 Qf8 23. Bd5 Re5 24. Bxf6 Rf5 25. Qg4 Rxf6 26. Ne4 Rf5 27. Nxc5 dxc5 28. e4 Ne3 29. Qh3 Rh5 0-1

[Event "RUS-chT Rapid Men 2018"]
[Site "Sochi"]
[Date "2018.10.08"]
[Round "4"]
[White "Inozemtsev, Sergei"]
[Black "Ivlev, Aleksey"]
[Result "0-1"]
[ECO "C68"]
[WhiteElo "2310"]
[BlackElo "2326"]
[Annotator "NA"]
[PlyCount "54"]
[EventDate "2018.10.05"]
[EventType "swiss"]
[EventCountry "RUS"]
[SourceTitle "playchess.com"]
[Source "ChessBase"]
[SourceQuality "1"]
[TimeControl "900+10"]

1. e4 e5 2. Nf3 Nc6 3. Bb5 a6 4. Bxc6 dxc6 5. O-O Bg4 6. h3 h5 7. d3 Qf6 8. Nbd2 Ne7 9. Re1 Ng6 10. d4 Nf4 11. hxg4 hxg4 12. Nh2 Nxg2 13. Ndf1 Nxe1 14. Qxe1 exd4 15. Nxg4 Qe6 16. f3 f5 17. Ngh2 O-O-O 18. e5 Be7 19. f4 Rh3 20. Qf2 Rdh8 21. Bd2 Bc5 22. Kh1 R3h6 23. Qf3 Qc4 24. Qg2 Bb6 25. Bc1 Qxf1+ 26. Qxf1 Rxh2+ 27. Kg1 d3+ 0-1

[Event "RUS-chT Rapid Men 2018"]
[Site "Sochi"]
[Date "2018.10.08"]
[Round "4"]
[White "Kurbedinov, Ramis"]
[Black "Apryshko, Gleb"]
[Result "1-0"]
[ECO "A04"]
[WhiteElo "2305"]
[BlackElo "2399"]
[Annotator "NA"]
[PlyCount "107"]
[EventDate "2018.10.05"]
[EventType "swiss"]
[EventCountry "RUS"]
[SourceTitle "playchess.com"]
[Source "ChessBase"]
[SourceQuality "1"]
[TimeControl "900+10"]

1. Nf3 g6 2. d4 Bg7 3. c4 d6 4. e4 e5 5. Nc3 exd4 6. Nxd4 Nc6 7. Be3 Bd7 8. Be2 Nxd4 9. Bxd4 Bxd4 10. Qxd4 Qf6 11. O-O-O Qxd4 12. Rxd4 O-O-O 13. Nd5 Re8 14. Bf3 Ne7 15. Nf6 Nc6 16. Rd2 Re5 17. Be2 Be6 18. b3 a5 19. f4 Rc5 20. Kb2 a4 21. g4 h6 22. Rhd1 g5 23. e5 gxf4 24. exd6 Ne5 25. Ne4 Rc6 26. h3 f3 27. Bf1 h5 28. c5 cxd6 29. cxd6 axb3 30. axb3 hxg4 31. hxg4 Nxg4 32. d7+ Kd8 33. Bb5 Rb6 34. Rc1 Rxb5 35. Rc8+ Ke7 36. Rxh8 Rxb3+ 37. Kc1 Bxd7 38. Rxd7+ Kxd7 39. Nc5+ Kd6 40. Nxb3 f2 41. Nd2 Ne3 42. Rh3 Ng4 43. Rf3 Ne5 44. Rf6+ Ke7 45. Rb6 f5 46. Kd1 Nc4 47. Rxb7+ Kf6 48. Nf1 Nd6 49. Rb6 Ke5 50. Ke2 Ne4 51. Kf3 Kd4 52. Rb5 Nd6 53. Rb4+ Kc3 54. Rf4 1-0

[Event "RUS-chT Rapid Men 2018"]
[Site "Sochi"]
[Date "2018.10.08"]
[Round "4"]
[White "Alexeev, Alexey"]
[Black "Zhakamukhov, Eduard"]
[Result "1/2-1/2"]
[ECO "B12"]
[WhiteElo "2287"]
[BlackElo "2068"]
[Annotator "NA"]
[PlyCount "121"]
[EventDate "2018.10.05"]
[EventType "swiss"]
[EventCountry "RUS"]
[SourceTitle "playchess.com"]
[Source "ChessBase"]
[SourceQuality "1"]
[TimeControl "900+10"]

1. e4 c6 2. d4 d5 3. e5 Bf5 4. Nf3 h6 5. Be2 Nd7 6. Nh4 e6 7. Nxf5 exf5 8. Bd3 g6 9. c4 Bb4+ 10. Nc3 Qh4 11. O-O Ne7 12. cxd5 Qxd4 13. Be3 Qxe5 14. dxc6 bxc6 15. Re1 Qf6 16. Bc4 Bc5 17. Qe2 Kf8 18. Rad1 Bxe3 19. Rxd7 Bc5 20. a3 Kg7 21. Na4 Bd6 22. Rd1 Nd5 23. Bxd5 cxd5 24. Rxd5 Rhe8 25. Qf1 Re6 26. g3 Rae8 27. Rd1 f4 28. Nc3 fxg3 29. hxg3 Bxa3 30. Nd5 Qxb2 31. Rxa7 Bc5 32. Ra5 Bd6 33. Rb5 Qc2 34. Ra1 Qe4 35. Rd1 h5 36. Qd3 Qxd3 37. Rxd3 Be5 38. Kg2 Bf6 39. Nc7 Re5 40. Nxe8+ Rxe8 41. Rb7 Re7 42. Rdd7 Rxd7 43. Rxd7 h4 44. g4 g5 45. Rd3 Be5 46. Rh3 Kg6 47. f3 f6 48. Kf2 Bf4 49. Ke2 Bg3 50. Kd3 Be5 51. Ke4 Bg3 52. Rh1 Be5 53. Kd5 Bf4 54. Ke6 Be5 55. Ke7 Kg7 56. Ke6 Kg6 57. Rh3 Bg3 58. Rh1 Be5 59. Rh3 Bg3 60. Kd5 Be5 61. Rh1 1/2-1/2

[Event "RUS-chT Rapid Men 2018"]
[Site "Sochi"]
[Date "2018.10.08"]
[Round "4"]
[White "Kozak, Alexander"]
[Black "Kretov, Evgenij"]
[Result "1/2-1/2"]
[ECO "B22"]
[WhiteElo "2262"]
[BlackElo "2219"]
[Annotator "NA"]
[PlyCount "123"]
[EventDate "2018.10.05"]
[EventType "swiss"]
[EventCountry "RUS"]
[SourceTitle "playchess.com"]
[Source "ChessBase"]
[SourceQuality "1"]
[TimeControl "900+10"]

1. e4 c5 2. c3 d5 3. exd5 Qxd5 4. d4 g6 5. Nf3 Bg7 6. Na3 cxd4 7. Bc4 Qd8 8. Qb3 e6 9. Nb5 a6 10. Nbxd4 Ne7 11. O-O Nbc6 12. Nxc6 Nxc6 13. Bg5 Qc7 14. Qa3 h6 15. Bh4 Bf8 16. Qa4 Bd7 17. Bf6 Rg8 18. Qc2 Be7 19. Bxe7 Nxe7 20. Qe2 Nc6 21. Rad1 O-O-O 22. b4 g5 23. b5 axb5 24. Bxb5 g4 25. Nd4 Nxd4 26. cxd4 Bxb5 27. Qxb5 Rg5 28. Qe2 Kb8 29. Rc1 Qd6 30. Rc4 Rc8 31. Rxc8+ Kxc8 32. Rc1+ Kb8 33. Qe4 h5 34. Rb1 Rd5 35. g3 Qc7 36. Kg2 Ka7 37. h3 gxh3+ 38. Kxh3 Qc3 39. Rd1 Qb2 40. Qe1 Rf5 41. Kg2 Qc2 42. Rd2 Qc6+ 43. Kg1 Qd5 44. Qc1 Rf3 45. Qc7 f5 46. a4 Ra3 47. Kh2 Rxa4 48. Rd1 Ra2 49. Kg1 Qa5 50. Qc1 Ra4 51. Qb2 Qd5 52. Rd2 Ra6 53. Rd1 h4 54. gxh4 e5 55. h5 Qf3 56. Rb1 Qg4+ 57. Kf1 Qh3+ 58. Kg1 Qg4+ 59. Kf1 Qh3+ 60. Kg1 Qg4+ 61. Kf1 Qh3+ 62. Kg1 1/2-1/2

[Event "RUS-chT Rapid Men 2018"]
[Site "Sochi"]
[Date "2018.10.08"]
[Round "4"]
[White "Kostin, Alexey"]
[Black "Rozhko, Dmitry"]
[Result "1-0"]
[ECO "C00"]
[WhiteElo "2253"]
[BlackElo "2305"]
[Annotator "NA"]
[PlyCount "101"]
[EventDate "2018.10.05"]
[EventType "swiss"]
[EventCountry "RUS"]
[SourceTitle "playchess.com"]
[Source "ChessBase"]
[SourceQuality "1"]
[TimeControl "900+10"]

1. e4 e6 2. d3 d5 3. Nd2 Nf6 4. Ngf3 dxe4 5. dxe4 b6 6. Bb5+ c6 7. Be2 Be7 8. O-O O-O 9. e5 Nd5 10. Ne4 Ba6 11. c4 Nc7 12. Qc2 Nd7 13. Rd1 Qc8 14. Bg5 f6 15. Bh4 Qe8 16. Nd6 Qg6 17. Bd3 Qh6 18. Be4 Nxe5 19. Nxe5 Qxh4 20. Nxc6 Bxd6 21. Rxd6 f5 22. Bf3 Qxc4 23. Qxc4 Bxc4 24. Ne7+ Kf7 25. Bxa8 Kxe7 26. Rc6 Nd5 27. Rxc4 Rxa8 28. f4 h6 29. Kf2 g5 30. g3 Kd6 31. Re1 b5 32. Rd4 Rc8 33. a4 b4 34. Rd2 gxf4 35. gxf4 Rc4 36. Kg3 b3 37. a5 Ra4 38. Re3 Rxa5 39. Rxb3 Ra4 40. Rb7 Kc6 41. Rh7 Nxf4 42. Rxh6 Re4 43. h4 Nd5 44. h5 Rg4+ 45. Kf2 Rf4+ 46. Ke1 Kd6 47. Re2 Nc7 48. Rh8 Rh4 49. h6 Ke7 50. h7 Ne8 51. Rxe6+ 1-0

[Event "RUS-chT Rapid Men 2018"]
[Site "Sochi"]
[Date "2018.10.08"]
[Round "4"]
[White "Shkurkin, Andrey"]
[Black "Dilmukhametov, Artur"]
[Result "1/2-1/2"]
[ECO "D10"]
[WhiteElo "2201"]
[BlackElo "2353"]
[Annotator "NA"]
[PlyCount "61"]
[EventDate "2018.10.05"]
[EventType "swiss"]
[EventCountry "RUS"]
[SourceTitle "playchess.com"]
[Source "ChessBase"]
[SourceQuality "1"]
[TimeControl "900+10"]

1. d4 d5 2. c4 c6 3. cxd5 cxd5 4. Bf4 Nc6 5. e3 Nf6 6. Nc3 e6 7. Bd3 Be7 8. Rc1 Bd7 9. h3 Rc8 10. Nf3 O-O 11. O-O Na5 12. Ne5 Nc4 13. Qe2 Nxe5 14. dxe5 Ne8 15. Nb5 Bxb5 16. Bxb5 Nc7 17. Bd3 Na8 18. e4 Rxc1 19. Rxc1 Nb6 20. Qc2 Bg5 21. Bxg5 Qxg5 22. exd5 Nxd5 23. Bxh7+ Kh8 24. Be4 Nf4 25. Kh1 Qxe5 26. Bxb7 Rd8 27. Qc7 Qg5 28. Qxd8+ Qxd8 29. Rc8 Qxc8 30. Bxc8 Nd3 31. Kg1 1/2-1/2

[Event "RUS-chT Rapid Men 2018"]
[Site "Sochi"]
[Date "2018.10.08"]
[Round "4"]
[White "Pervakov, Sergey"]
[Black "Terzyan, Nazar"]
[Result "1/2-1/2"]
[ECO "B20"]
[WhiteElo "2098"]
[BlackElo "1757"]
[Annotator "NA"]
[PlyCount "89"]
[EventDate "2018.10.05"]
[EventType "swiss"]
[EventCountry "RUS"]
[SourceTitle "playchess.com"]
[Source "ChessBase"]
[SourceQuality "1"]
[TimeControl "900+10"]

1. e4 c5 2. a3 e6 3. b4 d5 4. exd5 Qxd5 5. Nc3 Qd8 6. bxc5 Bxc5 7. Nf3 Nc6 8. Ne4 Be7 9. Bb2 Nf6 10. Bd3 O-O 11. Qe2 Nd5 12. g3 b6 13. O-O Bb7 14. Ba6 Bxa6 15. Qxa6 Nf6 16. Qe2 Rc8 17. d3 Nxe4 18. Qxe4 Bf6 19. Bxf6 Qxf6 20. Rfe1 Rfd8 21. Rab1 h6 22. Kg2 Nd4 23. Nxd4 Qxd4 24. Qxd4 Rxd4 25. Rb2 Rc3 26. Ra2 Ra4 27. Rea1 Ra5 28. a4 Rac5 29. a5 Rxc2 30. axb6 Rxa2 31. Rxa2 axb6 32. Kf3 g6 33. Ke3 Kg7 34. Rb2 b5 35. d4 Rd5 36. f4 g5 37. fxg5 hxg5 38. g4 Kf6 39. Ke4 Kg6 40. Rb3 f5+ 41. gxf5+ Rxf5 42. Rb2 Kf6 43. h3 Rf4+ 44. Ke3 Rf5 45. Ke4 1/2-1/2

[Event "RUS-chT Rapid Men 2018"]
[Site "Sochi"]
[Date "2018.10.08"]
[Round "4"]
[White "Grigoriants, Boris"]
[Black "Chos, Alexey"]
[Result "0-1"]
[ECO "B53"]
[WhiteElo "1914"]
[BlackElo "2296"]
[Annotator "NA"]
[PlyCount "90"]
[EventDate "2018.10.05"]
[EventType "swiss"]
[EventCountry "RUS"]
[SourceTitle "playchess.com"]
[Source "ChessBase"]
[SourceQuality "1"]
[TimeControl "900+10"]

1. e4 c5 2. Nf3 d6 3. d4 cxd4 4. Qxd4 Bd7 5. c4 Nc6 6. Qd2 Nf6 7. Nc3 e6 8. g3 Be7 9. Bg2 Rc8 10. b3 a6 11. O-O O-O 12. Bb2 Qc7 13. Rfe1 Rfd8 14. Rad1 Be8 15. Nd4 Ne5 16. f4 Nc6 17. h3 Nxd4 18. Qxd4 d5 19. Kh2 dxc4 20. Qxc4 Qxc4 21. bxc4 Rxc4 22. Rxd8 Bxd8 23. e5 Nd5 24. Rd1 Be7 25. Nxd5 exd5 26. Rd2 Bc6 27. f5 Bb4 28. Re2 d4 29. Bf1 d3 30. Rf2 Rc2 31. Rxc2 dxc2 32. Bd3 Bc3 33. Bc1 Bd5 34. Bxc2 Bxe5 35. a4 b5 36. a5 Bc3 37. Kg1 Bxa5 38. Kf2 Bb6+ 39. Ke2 a5 40. Bd3 b4 41. Bb5 Bb3 42. Kd3 a4 43. Bb2 Bd8 44. Bc4 Bxc4+ 45. Kxc4 a3 0-1

[Event "RUS-chT Rapid Men 2018"]
[Site "Sochi"]
[Date "2018.10.08"]
[Round "5"]
[White "Maletin, Pavel"]
[Black "Shcherbakov, Ruslan"]
[Result "1-0"]
[ECO "A15"]
[WhiteElo "2586"]
[BlackElo "2516"]
[Annotator "ChessBase"]
[PlyCount "113"]
[EventDate "2018.10.05"]
[EventType "swiss"]
[EventCountry "RUS"]
[SourceTitle "playchess.com"]
[Source "ChessBase"]
[SourceQuality "1"]
[TimeControl "900+10"]

1. c4 Nf6 2. g3 e5 3. Bg2 c6 4. Nf3 e4 5. Nd4 d5 6. d3 Bc5 7. Nb3 Bb4+ 8. Bd2 Bxd2+ 9. Qxd2 dxc4 10. dxc4 Qxd2+ 11. N3xd2 e3 12. fxe3 O-O 13. Nc3 Nbd7 14. h3 Re8 15. Kf2 Ne5 16. b3 Bf5 17. Rac1 Rad8 18. Rhd1 Neg4+ 19. hxg4 Nxg4+ 20. Ke1 Nxe3 21. Bf3 Bc2 22. Nf1 Bxd1 23. Nxe3 Rxe3 24. Nxd1 Re7 25. Nc3 Rd3 26. Kf2 Rd2 27. b4 a6 28. b5 cxb5 29. cxb5 axb5 30. Nxb5 g6 31. a4 Ra2 32. Rc4 Kg7 33. Rb4 Rd7 34. Nd4 b6 35. g4 Rd6 36. Nb5 Rdd2 37. Nd4 Rab2 38. Rc4 Rd1 39. Ke3 Ra1 40. Bc6 Kf6 41. Bb5 Ra3+ 42. Kf2 h5 43. gxh5 gxh5 44. Rc6+ Kg5 45. Nf3+ Kg4 46. Rf6 h4 47. Rxf7 Rb4 48. Bd7+ Kh5 49. Bf5 Rxf3+ 50. Kxf3 Rxa4 51. Rg7 Ra1 52. Kf2 b5 53. Rb7 Ra5 54. Bd3 Kg4 55. Rxb5 Ra3 56. Rb4+ Kg5 57. Kf3 1-0

[Event "RUS-chT Rapid Men 2018"]
[Site "Sochi"]
[Date "2018.10.08"]
[Round "5"]
[White "Iljiushenok, Ilia"]
[Black "Timofeev, Artyom"]
[Result "0-1"]
[ECO "B23"]
[WhiteElo "2539"]
[BlackElo "2580"]
[Annotator "ChessBase"]
[PlyCount "126"]
[EventDate "2018.10.05"]
[EventType "swiss"]
[EventCountry "RUS"]
[SourceTitle "playchess.com"]
[Source "ChessBase"]
[SourceQuality "1"]
[TimeControl "900+10"]

1. e4 c5 2. Nc3 d6 3. d4 cxd4 4. Qxd4 Nc6 5. Qd2 g6 6. b3 Bh6 7. f4 Nf6 8. Bb2 Qa5 9. O-O-O Bg4 10. Be2 Bxe2 11. Ngxe2 O-O-O 12. Kb1 Bg7 13. Rhe1 Kb8 14. Ng1 Nd7 15. Nf3 Rhf8 16. a3 Bxc3 17. Qxc3 Qxc3 18. Bxc3 f6 19. Re3 h5 20. Kb2 a6 21. g3 Nc5 22. Re2 Kc8 23. Be1 f5 24. exf5 gxf5 25. Ng5 Rde8 26. Bf2 Nd7 27. c4 e5 28. Rxd6 exf4 29. Rde6 Rxe6 30. Nxe6 f3 31. Nxf8 fxe2 32. Ne6 Nce5 33. Nf4 Nc5 34. Kc2 Ne4 35. Be1 Nf3 36. Ng2 Nxh2 37. Kd3 Nf3 38. Kxe2 Nxe1 39. Nxe1 Nxg3+ 40. Kf3 Ne4 41. Kf4 Nd2 42. Kxf5 Nxb3 43. Nf3 Kc7 44. Kg5 Kd6 45. Kxh5 Na5 46. Kg4 Nxc4 47. a4 Nb2 48. Kf4 Nxa4 49. Ke4 b5 50. Kd4 Nc5 51. Nd2 Kc6 52. Nf3 a5 53. Ne5+ Kb6 54. Kc3 Ne4+ 55. Kb3 Kc5 56. Ka3 Nd6 57. Nd3+ Kd4 58. Nf4 Kc4 59. Ng6 Kc3 60. Nf4 Nc4+ 61. Ka2 b4 62. Ne2+ Kd3 63. Nf4+ Kc2 0-1

[Event "RUS-chT Rapid Men 2018"]
[Site "Sochi"]
[Date "2018.10.08"]
[Round "5"]
[White "Kozionov, Kirill"]
[Black "Nechaev, Oleg"]
[Result "1-0"]
[ECO "A57"]
[WhiteElo "2458"]
[BlackElo "2400"]
[Annotator "ChessBase"]
[PlyCount "87"]
[EventDate "2018.10.05"]
[EventType "swiss"]
[EventCountry "RUS"]
[SourceTitle "playchess.com"]
[Source "ChessBase"]
[SourceQuality "1"]
[TimeControl "900+10"]

1. d4 Nf6 2. c4 c5 3. d5 b5 4. cxb5 a6 5. b6 g6 6. Nc3 Bg7 7. e4 O-O 8. Nf3 d6 9. Be2 Nbd7 10. a4 a5 11. O-O Nxb6 12. Bf4 Ba6 13. Rc1 Qd7 14. Bxa6 Rxa6 15. b3 Ne8 16. Re1 Nc7 17. h3 Rb8 18. e5 Nc8 19. Ne4 Qf5 20. Bh2 Rab6 21. Rc3 Rb4 22. g4 Qd7 23. Kg2 f5 24. gxf5 Qxf5 25. Rce3 dxe5 26. Nxc5 Nd6 27. Bxe5 Bh6 28. Rd3 Rf8 29. Bg3 Bf4 30. Rxe7 Bxg3 31. fxg3 Ne4 32. Rxc7 Nxg3 33. Ne6 Nh5 34. Rd4 Rxd4 35. Nexd4 Nf4+ 36. Kg1 Qxh3 37. Qf1 Qg3+ 38. Kh1 Nh3 39. Rc2 Ng5 40. Qg2 Qf4 41. Qxg5 Qe4 42. Qe5 Qd3 43. Qe6+ Kg7 44. Qe2 1-0

[Event "RUS-chT Rapid Men 2018"]
[Site "Sochi"]
[Date "2018.10.08"]
[Round "5"]
[White "Oganian, Miran"]
[Black "Inozemtsev, Sergei"]
[Result "1-0"]
[ECO "A40"]
[WhiteElo "2435"]
[BlackElo "2310"]
[Annotator "NA RC"]
[PlyCount "73"]
[EventDate "2018.10.05"]
[EventType "swiss"]
[EventCountry "RUS"]
[SourceTitle "playchess.com"]
[Source "ChessBase"]
[SourceQuality "1"]
[TimeControl "900+10"]

1. d4 Nf6 2. c4 e6 3. g3 c5 4. d5 exd5 5. cxd5 g6 6. Nc3 Bg7 7. Nf3 O-O 8. Bg2 Re8 9. O-O d6 10. Bf4 a6 11. a4 Qc7 12. Nd2 Nh5 13. Be3 Nd7 14. Bf3 Nhf6 15. Nc4 Nb6 16. Na3 Bh3 17. Re1 Nbd7 18. Bf4 Ne5 19. Bh1 h6 20. Qc1 Kh7 21. Qc2 Rab8 22. Rad1 Nfd7 23. Bc1 Nf6 24. Bg2 Bxg2 25. Kxg2 Kg8 26. h3 Re7 27. f4 Ned7 28. e4 Ne8 29. b3 Qd8 30. Bb2 Nb6 31. a5 Nc8 32. Nc4 Na7 33. e5 Kh7 34. h4 Nb5 35. Ne4 Kg8 36. h5 gxh5 37. Qe2 1-0

[Event "RUS-chT Rapid Men 2018"]
[Site "Sochi"]
[Date "2018.10.08"]
[Round "5"]
[White "Sergeyev, Alexander"]
[Black "Papenin, Nikolai"]
[Result "1/2-1/2"]
[ECO "C68"]
[WhiteElo "2397"]
[BlackElo "2334"]
[Annotator "NA"]
[PlyCount "90"]
[EventDate "2018.10.05"]
[EventType "swiss"]
[EventCountry "RUS"]
[SourceTitle "playchess.com"]
[Source "ChessBase"]
[SourceQuality "1"]
[TimeControl "900+10"]

1. e4 e5 2. Nf3 Nc6 3. Bb5 a6 4. Bxc6 dxc6 5. O-O Qd6 6. d4 exd4 7. Qxd4 Bg4 8. Be3 Bxf3 9. Qxd6 cxd6 10. gxf3 O-O-O 11. Nc3 Nf6 12. Rfd1 Be7 13. Kf1 Nd7 14. Ke2 Kc7 15. Bf4 g5 16. Be3 f5 17. Rg1 f4 18. Bd4 Rhg8 19. Rg2 Rg6 20. Rh1 Rdg8 21. Rg4 b5 22. a3 Kd8 23. Nb1 h5 24. Rg2 g4 25. Rhg1 Bf6 26. c3 c5 27. Bxf6+ Rxf6 28. Nd2 Ne5 29. h3 Ke7 30. hxg4 hxg4 31. Kf1 Rfg6 32. fxg4 Nxg4 33. Ke2 Kf6 34. Nf3 Ne5 35. Rxg6+ Rxg6 36. Rd1 Ke6 37. Nxe5 dxe5 38. Rd8 Rg1 39. Ra8 Rb1 40. Rxa6+ Kd7 41. b4 Rb2+ 42. Kf3 Rb3 43. bxc5 Rxc3+ 44. Kg4 Rxc5 45. f3 Rc3 1/2-1/2

[Event "RUS-chT Rapid Men 2018"]
[Site "Sochi"]
[Date "2018.10.08"]
[Round "5"]
[White "Truskavetsky, Alexandr"]
[Black "Rozum, Ivan"]
[Result "0-1"]
[ECO "A40"]
[WhiteElo "2393"]
[BlackElo "2573"]
[Annotator "ChessBase"]
[PlyCount "124"]
[EventDate "2018.10.05"]
[EventType "swiss"]
[EventCountry "RUS"]
[SourceTitle "playchess.com"]
[Source "ChessBase"]
[SourceQuality "1"]
[TimeControl "900+10"]

1. d4 Nf6 2. c4 e6 3. g3 d5 4. Nf3 Bb4+ 5. Bd2 Bd6 6. Bg2 O-O 7. O-O c6 8. Bg5 Nbd7 9. Nc3 h6 10. Bxf6 Nxf6 11. Nd2 Bc7 12. e4 dxe4 13. Ndxe4 Nxe4 14. Nxe4 e5 15. d5 cxd5 16. cxd5 Bb6 17. Qb3 Bd4 18. Nc3 Qb6 19. Qxb6 axb6 20. Rfd1 Bd7 21. Rd2 Rfd8 22. Ne2 Bc5 23. a3 Bd6 24. Nc3 f5 25. Re1 Rac8 26. Bf1 Rc5 27. f3 Kf7 28. Bd3 g6 29. Kg2 Kf6 30. Rf2 Re8 31. Rfe2 Re7 32. h4 h5 33. Bb1 Rc8 34. Bd3 Bxa3 35. d6 Bxd6 36. Nd5+ Kf7 37. Nxe7 Kxe7 38. Rc2 Bc6 39. b4 b5 40. Rb1 Ra8 41. Kf2 Ra3 42. Be2 e4 43. f4 e3+ 44. Kf1 Be4 45. Rbc1 Bxc2 46. Rxc2 Rb3 47. Bxb5 Rxb4 48. Bd3 b6 49. Ke2 Bc5 50. Ra2 Kd6 51. Kf3 Rb3 52. Be2 Rb1 53. Ra8 b5 54. Rg8 b4 55. Rxg6+ Kd5 56. Rf6 b3 57. Rxf5+ Kd4 58. Re5 b2 59. Rxe3 Rd1 60. Re4+ Kd5 61. Bc4+ Kd6 62. Ba2 Ra1 0-1

[Event "RUS-chT Rapid Men 2018"]
[Site "Sochi"]
[Date "2018.10.08"]
[Round "5"]
[White "Tekeyev, Zaur"]
[Black "Sychev, Klementy"]
[Result "0-1"]
[ECO "B51"]
[WhiteElo "2392"]
[BlackElo "2534"]
[Annotator "ChessBase"]
[PlyCount "88"]
[EventDate "2018.10.05"]
[EventType "swiss"]
[EventCountry "RUS"]
[SourceTitle "playchess.com"]
[Source "ChessBase"]
[SourceQuality "1"]
[TimeControl "900+10"]

1. e4 c5 2. Nf3 d6 3. Bb5+ Nd7 4. a4 Ngf6 5. Nc3 g6 6. a5 Bg7 7. a6 O-O 8. O-O Qb6 9. axb7 Bxb7 10. d3 Rfd8 11. Bc4 e6 12. Re1 h6 13. Bb3 Ng4 14. Qe2 Nge5 15. Be3 Nxf3+ 16. Qxf3 Ne5 17. Qd1 Nc6 18. Qd2 Kh7 19. Rab1 Nd4 20. Ba2 Bc6 21. Nd1 Rab8 22. b3 d5 23. exd5 Bxd5 24. c3 Nf5 25. Bf4 Rbc8 26. Ne3 Ne7 27. Qc2 Qb7 28. Nxd5 Nxd5 29. Bd2 Qa6 30. Ra1 Ne7 31. b4 Qxd3 32. Qxd3 Rxd3 33. Be3 cxb4 34. Bb1 Rd7 35. Rxa7 Rxa7 36. Bxa7 bxc3 37. Rc1 Nd5 38. Kf1 h5 39. Be3 Bf8 40. Bd4 Bh6 41. Rc2 Rb8 42. Ba2 Nb4 43. Rxc3 Nxa2 44. Rc7 Kg8 0-1

[Event "RUS-chT Rapid Men 2018"]
[Site "Sochi"]
[Date "2018.10.08"]
[Round "5"]
[White "Kharitonov, Egor"]
[Black "Tenikashvili, Georgij"]
[Result "0-1"]
[ECO "D20"]
[WhiteElo "2387"]
[BlackElo "2361"]
[Annotator "NA"]
[PlyCount "82"]
[EventDate "2018.10.05"]
[EventType "swiss"]
[EventCountry "RUS"]
[SourceTitle "playchess.com"]
[Source "ChessBase"]
[SourceQuality "1"]
[TimeControl "900+10"]

1. d4 d5 2. c4 dxc4 3. e3 e6 4. Bxc4 Nf6 5. Nf3 a6 6. O-O c5 7. b3 Be7 8. Bb2 O-O 9. Nbd2 Nbd7 10. Rc1 b5 11. Be2 Bb7 12. a4 Qb6 13. Ba3 Rfc8 14. dxc5 Bxc5 15. Bxc5 Rxc5 16. Nd4 Rxc1 17. Qxc1 Rc8 18. Qb1 b4 19. Nc4 Qc5 20. Bf3 Bd5 21. Be2 Ne4 22. Qb2 Nc3 23. Bd3 e5 24. Nf5 e4 25. Ncd6 Rb8 26. Bxa6 Be6 27. Ne7+ Kf8 28. Nec8 Qc7 29. Rc1 Nc5 30. Nb5 Qe5 31. Nxc3 bxc3 32. Qxc3 Qxc3 33. Rxc3 Nxa6 34. Nd6 Rd8 35. Rc6 Nb4 36. Rb6 Nd5 37. Ra6 Ke7 38. Nxe4 Nc7 39. Rxe6+ Nxe6 40. f4 Rd3 41. b4 Rxe3 0-1

[Event "RUS-chT Rapid Men 2018"]
[Site "Sochi"]
[Date "2018.10.08"]
[Round "5"]
[White "Derjabin, Ilja"]
[Black "Belyakov, Bogdan"]
[Result "1-0"]
[ECO "D20"]
[WhiteElo "2345"]
[BlackElo "2458"]
[Annotator "ChessBase"]
[PlyCount "127"]
[EventDate "2018.10.05"]
[EventType "swiss"]
[EventCountry "RUS"]
[SourceTitle "playchess.com"]
[Source "ChessBase"]
[SourceQuality "1"]
[TimeControl "900+10"]

1. d4 d5 2. c4 dxc4 3. e3 e5 4. Bxc4 Nc6 5. d5 Na5 6. Bb5+ c6 7. dxc6 Qxd1+ 8. Kxd1 Nxc6 9. Nf3 f6 10. Nc3 Be6 11. b3 O-O-O+ 12. Ke2 Nb4 13. Rd1 Rxd1 14. Kxd1 a6 15. Bc4 Bxc4 16. bxc4 Nc6 17. Na4 Bd6 18. e4 Bc7 19. Be3 Nge7 20. Ke2 Rd8 21. Rd1 Rxd1 22. Kxd1 Nd8 23. Nb6+ Bxb6 24. Bxb6 Ne6 25. Nd2 Kd7 26. Nb3 Kc6 27. Be3 Nc8 28. Kc2 Nd6 29. Kd3 b6 30. a4 a5 31. f3 h5 32. c5 bxc5 33. Nxa5+ Kb6 34. Nc4+ Nxc4 35. Kxc4 Kc6 36. a5 h4 37. h3 g6 38. a6 Kb6 39. Bxc5+ Kxa6 40. Be3 Nc7 41. Kc5 Nb5 42. Kd5 Nc7+ 43. Kd6 Kb7 44. Ke7 f5 45. Kf6 fxe4 46. fxe4 Nb5 47. Kxe5 Kc6 48. Bg5 Nd6 49. Bxh4 Kd7 50. Be1 Nc4+ 51. Kf6 Ne3 52. g4 Nc2 53. Bf2 Nb4 54. Kxg6 Ke6 55. h4 Nc6 56. Bg3 Ke7 57. h5 Kf8 58. h6 Kg8 59. Kf6 Kh7 60. g5 Nb4 61. Bf4 Nd3 62. Be3 Nb4 63. g6+ Kh8 64. g7+ 1-0

[Event "RUS-chT Rapid Men 2018"]
[Site "Sochi"]
[Date "2018.10.08"]
[Round "5"]
[White "Remizov, Yaroslav"]
[Black "Khanin, Semen"]
[Result "0-1"]
[ECO "C47"]
[WhiteElo "2315"]
[BlackElo "2510"]
[Annotator "RC"]
[PlyCount "114"]
[EventDate "2018.10.05"]
[EventType "swiss"]
[EventCountry "RUS"]
[SourceTitle "playchess.com"]
[Source "ChessBase"]
[SourceQuality "1"]
[TimeControl "900+10"]

1. e4 e5 2. Nf3 Nc6 3. Nc3 Nf6 4. Be2 Bb4 5. Nd5 Bc5 6. d3 h6 7. c3 a6 8. d4 Ba7 9. dxe5 Nxe4 10. Qc2 Nxf2 11. Rf1 d6 12. Rxf2 Bxf2+ 13. Kxf2 dxe5 14. Nb4 Nxb4 15. cxb4 O-O 16. Be3 Re8 17. Rd1 Qe7 18. Qe4 Qf6 19. Bd3 g6 20. Bxh6 Bf5 21. Qh4 Qxh4+ 22. Nxh4 Bxd3 23. Rxd3 Rad8 24. Rxd8 Rxd8 25. Nf3 f6 26. Be3 Rd1 27. Nd2 Ra1 28. a3 Ra2 29. b3 Rxa3 30. Ke2 Kf7 31. Kd3 Ra1 32. Ne4 f5 33. Nc3 Rh1 34. h3 Rh2 35. b5 Rxg2 36. bxa6 bxa6 37. Nd5 Rg3 38. Ke2 Rxh3 39. Nxc7 f4 40. Bd2 Rxb3 41. Nxa6 Kf6 42. Nc5 Ra3 43. Bb4 Re3+ 44. Kf2 g5 45. Bd2 Ra3 46. Bc1 Ra2+ 47. Ke1 g4 48. Ne4+ Kf5 49. Nd6+ Ke6 50. Ne4 Ra1 51. Kd2 g3 52. Kc2 g2 53. Ng5+ Kf5 54. Nf3 Kg4 55. Ng1 Rxc1+ 56. Kxc1 f3 57. Kd2 f2 0-1